AoeStats
← ogipochi_

Arena

505423214Analyzed
4v4 RM · 24d ago on Sep 9, 2026· 40m 56s· 8 players
Game mode
Random Map
Map size
Large (8 player)
Population
200
Speed
Normal
Resources
Standard
Victory
Conquest
Starting age
Dark Age
Ending age
Imperial Age
RankedLock teamsTeams togetherTeam positionsShared explorationLock speedFull tech treeHidden civsTurbo modeCheats
Victory
Defeat
🇯🇵 Spanish · Japan
815
+9
🇹🇷 Japanese · Türkiye
810
+9
🇲🇾 Persians · Malaysia
798
+9
🇹🇼 Italians · Taiwan
770
+10
🇨🇳 Bohemians · China
690
-10
🇨🇳 Chinese · China
690
-11
🇦🇷 Lithuanians · Argentina
651
-10
🇦🇺 Britons · Australia
533
-6
peter1992
9:46 Feudal Age
16:01 Castle Age
20:59 Double-Bit Axe
22:26 Bow Saw
23:30 Fletching
23:42 Padded Archer Armor
27:44 Caravan
27:28 Horse Collar
32:33 Imperial Age
30:42 Wheelbarrow
31:20 Bodkin Arrow
31:27 Scale Mail Armor
31:29 Gold Mining
31:29 Stone Mining
32:14 Hand Cart
33:56 Leather Archer Armor
34:50 Gold Shaft Mining
35:19 Two-Man Saw
37:04 Elite Longbowman
37:44 Pikeman
38:25 Squires
38:11 Gambesons
38:11 Arson
38:05 Elite Skirmisher
南方cold
0:54 Loom
14:20 Feudal Age
16:47 Double-Bit Axe
19:37 Castle Age
17:21 Horse Collar
20:49 Bow Saw
20:42 Heavy Plow
32:19 Imperial Age
30:26 Wheelbarrow
31:34 Forging
31:24 Scale Mail Armor
32:45 Hand Cart
32:10 Pikeman
32:50 Squires
34:16 Chemistry
33:37 Ballistics
33:58 Iron Casting
34:49 Conscription
36:44 Guilds
36:35 Caravan
37:07 Halberdier
38:09 Fortified Wall
37:40 Treadmill Crane
38:28 Chain Mail Armor
38:49 Siege Engineers
40:04 Blast Furnace
Luciano24cm
5:36 Loom
8:53 Feudal Age
9:43 Double-Bit Axe
18:26 Castle Age
16:23 Horse Collar
16:55 Gold Mining
19:55 Bow Saw
24:21 Fervor
29:57 Imperial Age
28:09 Wheelbarrow
27:21 Town Watch
28:17 Heavy Plow
28:10 Stone Mining
29:00 Coinage
29:14 Town Patrol
30:03 Hand Cart
30:57 Stone Shaft Mining
32:12 Two-Man Saw
31:44 Crop Rotation
31:27 Scale Barding Armor
31:32 Forging
32:15 Bloodlines
32:06 Husbandry
31:29 Elite Leitis
33:31 Chain Barding Armor
33:47 Iron Casting
33:57 Fortified Wall
33:42 Murder Holes
34:48 Plate Barding Armor
34:04 Fletching
34:14 Padded Archer Armor
35:58 Banking
36:31 Hill Forts
1063569804
0:31 Loom
12:01 Feudal Age
14:27 Double-Bit Axe
15:22 Horse Collar
17:52 Castle Age
17:34 Gold Mining
19:57 Bow Saw
27:22 Imperial Age
26:35 Heavy Plow
28:16 Wheelbarrow
28:09 Ballistics
29:12 Two-Man Saw
30:16 Conscription
31:32 Forging
31:22 Scale Mail Armor
31:14 Fletching
31:24 Padded Archer Armor
31:37 Pikeman
33:28 Gold Shaft Mining
32:44 Stone Mining
33:12 Squires
33:00 Arson
35:10 Bodkin Arrow
35:30 Leather Archer Armor
35:02 Elite Skirmisher
35:55 Bracer
36:59 Chemistry
37:38 Caravan
38:54 Ring Archer Armor
ogipochi_
10:56 Feudal Age
9:14 Loom
11:26 Double-Bit Axe
11:22 Horse Collar
11:33 Stone Mining
12:41 Wheelbarrow
16:28 Castle Age
24:47 Gold Mining
26:26 Hand Cart
29:55 Imperial Age
28:36 Ballistics
28:20 Padded Archer Armor
29:01 Stone Shaft Mining
28:30 Heavy Plow
28:45 Bow Saw
29:46 Leather Archer Armor
29:35 Caravan
29:56 Elite Conquistador
30:58 Conscription
32:09 Two-Man Saw
31:53 Ring Archer Armor
31:59 Town Watch
33:30 Chemistry
32:36 Murder Holes
34:14 Arrowslits
34:41 Fortified Wall
34:34 Town Patrol
34:43 Husbandry
34:54 Bloodlines
s520s
10:08 Feudal Age
14:34 Castle Age
12:44 Horse Collar
13:23 Double-Bit Axe
19:22 Heavy Plow
21:39 Loom
24:32 Wheelbarrow
25:32 Bow Saw
25:14 Stone Mining
25:14 Gold Mining
26:06 Silk Road
27:48 Stone Shaft Mining
28:14 Caravan
31:53 Imperial Age
30:39 Hand Cart
30:55 Fortified Wall
30:26 Treadmill Crane
30:46 Murder Holes
31:14 Ballistics
31:35 Fletching
31:55 Forging
31:51 Scale Barding Armor
33:07 Conscription
34:52 Two-Man Saw
34:23 Crop Rotation
34:25 Elite Genoese Crossbowman
35:12 Bodkin Arrow
35:17 Padded Archer Armor
36:11 Bracer
36:27 Leather Archer Armor
37:17 Chemistry
36:03 Arrowslits
36:09 Guard Tower
40:36 Ring Archer Armor
40:42 Iron Casting
40:09 Scale Mail Armor
40:27 Masonry
Blues_1111
0:42 Loom
14:55 Feudal Age
15:19 Double-Bit Axe
19:45 Castle Age
17:42 Horse Collar
20:41 Bow Saw
20:37 Heavy Plow
20:34 Gold Mining
26:56 Wheelbarrow
29:25 Imperial Age
28:42 Gold Shaft Mining
29:05 Hand Cart
29:10 Husbandry
29:21 Bloodlines
29:26 Scale Barding Armor
30:04 Conscription
30:08 Cavalier
32:20 Two-Man Saw
31:52 Crop Rotation
32:05 Kamandaran
31:29 Crossbowman
32:05 Fletching
33:22 Bodkin Arrow
34:46 Chain Barding Armor
35:32 Thumb Ring
36:01 Ballistics
36:57 Squires
38:30 Plate Barding Armor
39:04 Savar
sonsehzadee
10:26 Feudal Age
14:31 Horse Collar
17:35 Castle Age
15:26 Double-Bit Axe
18:38 Stone Mining
19:34 Gold Mining
23:25 Loom
24:00 Caravan
25:12 Wheelbarrow
24:55 Heavy Plow
27:18 Hand Cart
30:59 Imperial Age
29:06 Scale Mail Armor
29:17 Forging
31:40 Chain Mail Armor
31:36 Squires
32:00 Bow Saw
31:31 Capped Ram
32:40 Conscription
33:04 Coinage
34:14 Two-Man Saw
33:43 Elite Samurai
35:58 Hoardings
36:29 Plate Mail Armor
Connection lost

Rejoining the realm…

Still unreachable

The connection could not be restored.

Session expired

The server has moved on; the page needs a fresh start.